 Dungeon Crawl Stone Soup version 0.31-a0-202-g547052bce9 (webtiles) character file.

Game seed: 7555081989743154169

60 qw the Shooter (level 3, 0/20 HPs)
             Began as a Deep Elf Hunter on June 26, 2023.
             Slain by Jessica
             ... wielding a +0 dagger
              (6 damage)
             ... on level 2 of the Dungeon.
             The game lasted 00:00:27 (902 turns).

qw the Shooter (Deep Elf Hunter)                     Turns: 902, Time: 00:00:27

Health: 0/20       AC:  6    Str: 10    XL:     3   Next: 82%
Magic:  5/5        EV:  9    Int: 13    God:
Gold:   55         SH:  0    Dex: 18    Spells: 2/2 levels left

rFire   . . .        Y - +0 shortbow (flame)
rCold   . . .        (shield currently unavailable)
rNeg    . . .        h - +0 scale mail
rPois   .            (no helmet)
rElec   .            (no cloak)
rCorr   .            (no gloves)
SInv    .            (no boots)
Will    .....        (no amulet)
Stlth   +            (no ring)
HPRegen 0.23/turn    (no ring)
MPRegen 0.09/turn

%: no passive effects
@: no status effects
A: no striking features
a: no special abilities


You were on level 2 of the Dungeon.
You visited 1 branch of the dungeon, and saw 2 of its levels.

You collected 55 gold pieces.


   Skills:
 - Level 1.5 Fighting
 + Level 7.3 Ranged Weapons
 - Level 2.4 Dodging
 - Level 1.2 Stealth


You had 2 spell levels left.
You didn't know any spells.
Your spell library was empty.

Inventory:

Hand Weapons
 Y - a +0 shortbow of flaming (weapon)
Armour
 h - a +0 scale mail (worn)
Scrolls
 b - a scroll of immolation {unknown}
 f - 2 scrolls of identify
Potions
 a - a potion of resistance {unknown}

Dungeon Overview and Level Annotations

Branches:
Dungeon (2/15)

Altars:

Shops:
D:1 (=[

Annotations:
D:2 Jessica


Message History

You shoot an arrow. The arrow closely misses Jessica.
Jessica hits you but does no damage. The goblin hits you but does no damage.
Jessica looks very angry.
Jessica barely misses you.
You shoot an arrow.
The arrow hits Jessica but does no damage.
Jessica hits you but does no damage. The goblin hits you but does no damage.
Jessica casts a spell.
Jessica blinks!
The goblin hits you with a +0 dagger.
You shoot an arrow. The arrow barely misses the goblin.
The goblin hits you but does no damage.
You shoot an arrow. The arrow hits Jessica.
The arrow burns Jessica.
Jessica is severely wounded.
Jessica hits you with a +0 dagger. The goblin barely misses you.
Jessica hits you but does no damage.
You shoot an arrow.
The arrow hits Jessica but does no damage.
Jessica is severely wounded.
Jessica barely misses you. The goblin closely misses you.
Jessica barely misses you. The goblin hits you but does no damage.
You shoot an arrow. The arrow completely misses Jessica.
Jessica hits you but does no damage. The goblin barely misses you.
Jessica barely misses you.
You shoot an arrow.
The arrow hits Jessica but does no damage.
Jessica is severely wounded.
Jessica hits you but does no damage. The goblin barely misses you.
Jessica closely misses you.
You shoot an arrow. The arrow barely misses Jessica.
Jessica hits you but does no damage. The goblin hits you but does no damage.
Jessica barely misses you. The goblin hits you but does no damage.
You shoot an arrow. The arrow closely misses Jessica.
Jessica hits you with a +0 dagger. The goblin hits you but does no damage.
Jessica hits you with a +0 dagger.
You shoot an arrow.
The arrow hits Jessica but does no damage.
Jessica is severely wounded.
Jessica barely misses you. The goblin hits you with a +0 dagger.
Jessica hits you with a +0 dagger.
You die...

.+........ .#........
#.#+##+#.. .#........
#........ ##........
#....... ##........
...... ##.%...... #....
...####... ...
...#############g#######
...'............@@......
...#############.......#
.......)...............#
..........#####........#
#..######.#####........#
........................
##...####.#####%.#######
###.........../........
########...#####..######


You could see Jessica (fast) and a goblin.

Vanquished Creatures
  2 adders (D:2)
  3 dart slugs
  5 bats
  5 endoplasms
  A giant cockroach (D:1)
  3 goblins
  3 hobgoblins
  5 kobolds
  A quokka (D:2)
  4 ball pythons
  2 frilled lizards (D:2)
  2 rats
36 creatures vanquished.

Notes
Turn   | Place    | Note
-------+----------+-------------------------------------------
     0 | D:1      | qw the Deep Elf Hunter began the quest for the Orb.
     0 | D:1      | Reached XP level 1. HP: 12/12 MP: 3/3
     0 | D:1      | 0 ||| qw: Version: 0.3-a-22-g0ed2b0b
     0 | D:1      | 0 ||| qw: Game counter: 6069
     0 | D:1      | 0 ||| qw: Melee chars always use a shield: true
     0 | D:1      | 0 ||| qw: God list: Okawaru
     0 | D:1      | 0 ||| qw: Allow faded altars: false
     0 | D:1      | 0 ||| qw: Do Orc after clearing Dungeon:15 true
     0 | D:1      | 0 ||| qw: Do second Lair branch before Depths: true
     0 | D:1      | 0 ||| qw: Lair rune preference: random
     0 | D:1      | 0 ||| qw: Goals: Normal
     0 | D:1      | 0 ||| PLANNING D:1-11
    40 | D:1      | 40 ||| FLEEEEING.
   103 | D:1      | Found Macyed's Armour Boutique.
   123 | D:1      | 123 ||| SHOPLISTING +0 ring mail (56 gold, have 22).
   123 | D:1      | 123 ||| SHOPLISTING +2 robe of willpower (247 gold, have
                  | 22).
   123 | D:1      | 123 ||| SHOPLISTING scarf of resistance (448 gold, have
                  | 22).
   130 | D:1      | Reached skill level 6 in Ranged Weapons
   130 | D:1      | Reached XP level 2. HP: 16/16 MP: 4/4
   261 | D:1      | You fall into a shaft and drop 1 floor!
   314 | D:2      | 314 ||| Stepping ~*~*~tactically~*~*~ (outnumbered).
   315 | D:2      | 315 ||| UPGRADING to +0 scale mail.
   341 | D:2      | 341 ||| UPGRADING to +0 scale mail.
   351 | D:2      | 351 ||| DROPPING +0 leather armour.
   352 | D:2      | 352 ||| READING scroll labelled VOIS YMOMP.
   353 | D:2      | 353 ||| READING scroll labelled XORAXKU QINLE.
   354 | D:2      | 354 ||| READING 4 scrolls labelled LAB HA OTTONWA.
   355 | D:2      | 355 ||| READING scroll labelled CADGHA APEA.
   356 | D:2      | 356 ||| READING 3 scrolls of identify.
   356 | D:2      | 356 ||| IDENTIFYING pink potion
   357 | D:2      | 357 ||| READING 2 scrolls of identify.
   357 | D:2      | 357 ||| IDENTIFYING white potion
   358 | D:2      | 358 ||| DROPPING scroll of butterflies.
   359 | D:2      | 359 ||| DROPPING potion of ambrosia.
   361 | D:2      | 361 ||| Stepping ~*~*~tactically~*~*~ (cloud).
   361 | D:2      | HP: 3/16 [poisoned by you (poison gas)]
   362 | D:2      | 362 ||| DRINKING potion of curing.
   362 | D:2      | 362 ||| (to cure poison)
   380 | D:1      | Reached XP level 3. HP: 20/20 MP: 5/5
   412 | D:1      | Found Giereruw's Jewellery Emporium.
   415 | D:1      | 415 ||| SHOPLISTING +4 ring of protection (468 gold, have
                  | 55).
   415 | D:1      | 415 ||| SHOPLISTING +5 ring of evasion (468 gold, have 55).
   415 | D:1      | 415 ||| SHOPLISTING amulet of the acrobat (390 gold, have
                  | 55).
   415 | D:1      | 415 ||| SHOPLISTING ring "Ragymiy" {Drain rN+ Int+6 Dex+2}
                  | (595 gold, have 55).
   415 | D:1      | 415 ||| SHOPLISTING ring of resist corrosion (260 gold,
                  | have 55).
   425 | D:1      | Found Wyasoreq's Weapon Shoppe.
   616 | D:2      | 616 ||| READING scroll of brand weapon.
   616 | D:2      | 616 ||| BRANDING +0 shortbow of freezing.
   757 | D:2      | Reached skill level 7 in Ranged Weapons
   789 | D:2      | 789 ||| FLEEEEING.
   790 | D:2      | 790 ||| FLEEEEING.
   890 | D:2      | Noticed Jessica
   902 | D:2      | Slain by Jessica

Levels and vault maps discovered:
D:1:      eino_arrival_tree_alley, layout_rooms, serial_shops, shop,
          nicolae_shop_bloodbath_and_beyond, shop
D:2:      layout_basic, nicolae_figureground_pulse, uniq_jessica

Skill      XL: |  1  2  3 |
---------------+----------+-----
Ranged Weapons | 6 7 |  7.3
Fighting       | |  1.5
Dodging        | |  2.4
Stealth        | |  1.2

Action                     || total
---------------------------++-------
   Fire: Shortbow          ||    86
    Use: Scroll            ||     7
         Potion            ||     1
 Armour: Leather armour    ||     1
         Scale mail        ||    19
  Dodge: Dodged            ||    25

Table legend:
 A = Non-vault XP
 B = Vault XP
 C = Vault XP percentage of total XP
 D = Non-vault monster count
 E = Vault monster count
 F = Vault count percentage of total count
                 A         B        C        D         E       F
            +---------+---------+-------+---------+---------+-------
      Total |      87 |       0 |   0.0 |      36 |       0 |   0.0
            +---------+---------+-------+---------+---------+-------
        D:1 |      34 |       0 |   0.0 |      20 |       0 |   0.0
        D:2 |      53 |       0 |   0.0 |      16 |       0 |   0.0
            +---------+---------+-------+---------+---------+-------
